Map: Odyssee LE

Players

StarInfestor

  • Race: Protoss Protoss
  • League: Platinum
  • Spawn Location: 11:00

Panda - Winner!

  • Race: Zerg Zerg
  • League: Platinum
  • Spawn Location: 5:00

VOD

Have the link to the VOD?

Description

Time

  • Played on: Aug. 30, 2017, 5:41 a.m.
  • Length: 11:04
Show
View Real Time Build Order
Export as new Build Order

StarInfestor Protoss 

Build Orders: Oracle Opening 

Get SALT Encoding   

  12  0:01  Probe (Chrono Boost)  
  13  0:11  Probe (Chrono Boost)  
  14  0:20  Pylon  
  14  0:22  Probe (Chrono Boost)  
  15  0:40  Gateway  
  15  0:41  Probe (Chrono Boost)  
  16  0:52  Probe (Chrono Boost)  
  16  0:53  Pylon  
  17  0:59  Assimilator  
  17  1:02  Probe (Chrono Boost)  
  18  1:11  Assimilator  
  18  1:13  Probe (Chrono Boost)  
  19  1:24  Probe (Chrono Boost)  
  20  1:34  Cybernetics Core  
  20  1:41  Zealot  
  22  1:51  Probe (Chrono Boost)  
  23  1:59  Pylon  
  24  2:01  Probe (Chrono Boost)  
  24  2:12  Probe (Chrono Boost)  
  25  2:18  Stargate  
  25  2:23  Probe (Chrono Boost)  
  25  2:28  Pylon  
  26  2:30  Protoss Air Weapons Level 1  
  26  2:32  Adept  
  28  2:48  Probe (Chrono Boost)  
  29  3:11  Oracle  
  30  3:23  Robotics Facility  
  30  3:24  Stalker  
  32  3:51  Oracle  
  35  3:58  Adept  
  37  4:10  Warp Prism  
  35  4:50  Void Ray  
  36  5:30  Nexus  
  25  6:22  Pylon  
  25  6:41  Void Ray  
  25  6:42  Nexus  
  29  6:48  Probe (Chrono Boost)  
  30  6:58  Probe (Chrono Boost)  
  22  7:09  Probe (Chrono Boost)  
  21  7:17  Warp Prism  
  21  7:19  Probe (Chrono Boost)  
  23  7:30  Probe (Chrono Boost)  
  23  7:40  Probe (Chrono Boost)  
  24  7:51  Probe (Chrono Boost)  
  25  7:55  Probe (Chrono Boost)  
  26  8:01  Probe (Chrono Boost)  
  27  8:16  Void Ray (Chrono Boost)  
  31  8:32  Probe  
  32  8:37  Probe  
  32  8:38  Pylon  
  33  8:42  Pylon  
  33  8:44  Probe  
  34  8:52  Pylon  
  25  9:08  Probe  
  16  9:15  Probe  
  18  9:19  Probe  
  19  9:29  Probe  
  20  9:40  Probe  
  16  9:50  Probe  
  17  10:01  Probe  
  17  10:03  Gateway  
  18  10:12  Probe  
  19  10:22  Probe  
  19  10:23  Assimilator  
  20  10:33  Probe  
  21  10:43  Probe  
Show
View Real Time Build Order
Export as new Build Order

Panda Zerg - Winner!

Build Orders: Pool First 

Get SALT Encoding   

  12  0:01  Drone  
  13  0:10  Drone  
  14  0:18  Overlord  
  14  0:36  Drone  
  14  0:37  Drone x2  
  17  0:49  Extractor  
  16  0:50  Drone  
  16  0:55  Spawning Pool  
  16  0:58  Drone  
  17  1:18  Hatchery  
  16  1:32  Drone x2  
  18  1:33  Drone  
  19  1:42  Queen  
  19  1:44  Overlord  
  21  1:54  Overlord  
  21  2:06  Overlord  
  21  2:08  Metabolic Boost  
  21  2:18  Drone  
  21  2:20  Roach Warren  
  21  2:33  Zergling x2  
  22  2:42  Overlord  
  21  3:09  Roach  
  21  3:10  Roach x5  
  33  3:17  Roach  
  35  3:25  Roach, Zergling x2  
  35  3:26  Zergling x4  
  40  3:28  Zergling x4  
  42  3:40  Roach  
  46  3:41  Roach  
  46  3:56  Roach, Zergling x2  
  46  3:57  Zergling x8  
  53  4:17  Ravager  
  27  5:02  Queen  
  27  5:04  Drone x2  
  27  5:05  Drone x3  
  34  5:20  Spore Crawler  
  33  5:21  Spine Crawler  
  21  6:03  Drone x4  
  20  6:16  Zergling x2  
  20  6:17  Zergling x2  
  21  6:54  Drone x6  
  25  7:03  Drone  
  23  7:19  Zergling x6  
  22  7:34  Drone x3  
  25  7:49  Drone  
  25  7:50  Drone x2  
  26  8:13  Zergling x2  
  26  8:14  Zergling x10  
  32  8:24  Spore Crawler  
  32  8:26  Spore Crawler  
  30  8:52  Spawning Pool  
  25  9:12  Drone x7  
  25  9:14  Drone x3  
  35  9:22  Extractor  
  35  9:23  Extractor  
  33  10:02  Drone  
  33  10:03  Zergling x20  
  42  10:13  Queen  
  44  10:36  Overlord x4  
Tags
 
Add a new tag
Caveats
  • Supply blocks, unpowered buildings, or Contaminate may cause inaccurate times.
  • Supply counts are checked every 10 seconds.